 Dungeon Crawl Stone Soup version 0.22.1-2-g9c5b331 (webtiles) character file.

72 redwoodhats the Skirmisher (level 4, -1/41 HPs)
             Began as a Gnoll Wanderer on Nov 27, 2018.
             Slain by a gnoll
             ... wielding a +0 spear
              (7 damage)
             ... on level 2 of the Dungeon.
             The game lasted 00:01:51 (772 turns).

redwoodhats the Skirmisher (Gnoll Wanderer)          Turns: 772, Time: 00:01:52

Health: -1/41      AC:  5    Str: 13    XL:     4   Next: 26%
Magic:  5/5        EV: 10    Int: 18    God:
Gold:   45         SH:  0    Dex: 13    Spells: 5/5 levels left

rFire    . . .     SeeInvis .   a - +2 hand axe
rCold    . . .     Gourm    .   (no shield)
rNeg     . . .     Faith    .   b - +0 ring mail
rPois    .         Spirit   .   (no helmet)
rElec    .         Reflect  .   (no cloak)
rCorr    .         Harm     .   (no gloves)
MR       .....                  (no boots)
Stlth    +.........             (no amulet)
HPRegen  0.13/turn              (no ring)
MPRegen  0.09/turn              (no ring)

@: no status effects
A: distributed training, fangs 1, strong nose
a: no special abilities


You were on level 2 of the Dungeon.
You were not hungry.

You visited 1 branch of the dungeon, and saw 2 of its levels.

You collected 45 gold pieces.

Inventory:

Hand Weapons
 a - a +2 hand axe (weapon)
Armour
 b - a +0 ring mail (worn)
Scrolls
 f - a scroll of remove curse {unknown}
 g - a scroll of identify {unknown}
 i - a scroll of teleportation {unknown}
Potions
 c - a potion of curing
 e - a potion of heal wounds {unknown}
 h - a potion of degeneration {unknown}
Comestibles
 d - a ration


   Skills:
 + Level 6.6 Fighting
 + Level 1.0 Short Blades
 + Level 1.0 Long Blades
 + Level 4.6 Axes
 + Level 1.0 Maces & Flails
 + Level 1.0 Polearms
 + Level 1.0 Staves
 + Level 1.0 Slings
 + Level 1.0 Bows
 + Level 1.0 Crossbows
 + Level 2.7 Throwing
 + Level 1.0 Armour
 + Level 1.0 Dodging
 + Level 1.0 Stealth
 + Level 2.7 Shields
 + Level 1.0 Unarmed Combat
 + Level 1.0 Spellcasting
 + Level 0.8 Conjurations
 + Level 0.8 Hexes
 + Level 5.4 Charms
 + Level 0.8 Summonings
 + Level 0.8 Necromancy
 + Level 0.8 Translocations
 + Level 0.8 Transmutations
 + Level 0.8 Fire Magic
 + Level 0.8 Ice Magic
 + Level 0.8 Air Magic
 + Level 0.8 Earth Magic
 + Level 0.8 Poison Magic
 + Level 1.1 Invocations
 + Level 1.0 Evocations


You had 5 spell levels left.
You didn't know any spells.
Your spell library was empty.

Dungeon Overview and Level Annotations

Branches:
Dungeon (1/15)

Altars:


Innate Abilities, Weirdness & Mutations

Your experience applies equally to all skills.
You have very sharp teeth.
Your uncanny sense of smell can sniff out nearby items.


Message History

The gnoll hits you from afar with a spear.
* * * LOW HITPOINT WARNING * * *
The gnoll hits you but does no damage.
You see here 2 stones.
You see here 2 tomahawks.
The gnoll throws a stone.
The stone barely misses you.
You see here a stone.
You barely miss the frilled lizard. The frilled lizard bites you.
* * * LOW HITPOINT WARNING * * *
You slash the frilled lizard!
You kill the frilled lizard!
The gnoll barely misses you.
The gnoll hits you from afar with a spear.
* * * LOW HITPOINT WARNING * * *
The gnoll misses you. The gnoll hits you but does no damage.
You hit the gnoll.
You kill the gnoll!
You hit the gnoll. The gnoll closely misses you.
The gnoll hits you from afar with a spear!
You die...

...###...††..#########.#######
.........÷)...)..........>....
...###........#...............
. #........#........##.....
#........+.......)##..###
#.......##........##..# #
....<.....'........##..# #
###........#............###
########@#...............
#######.# ######....<###
......g)############.##.
.....(............##..#.
.......(#########.##..#.
........#########..#..#.
........................
####...(.....#####......
#.........# ##.#.#.


You could see a gnoll.

Vanquished Creatures
  2 gnolls (D:2)
  An adder (D:2)
  3 worms (D:2)
  2 giant cockroaches (D:1)
  7 goblins
  4 hobgoblins
  4 jackals
  2 bats (D:1)
  5 frilled lizards
  4 kobolds (D:1)
  3 rats
37 creatures vanquished.

Notes
Turn   | Place    | Note
-------+----------+-------------------------------------------
     0 | D:1      | redwoodhats the Gnoll Wanderer began the quest for the Orb.
     0 | D:1      | redwoodhats set off with: a +2 hand axe, a +0 ring mail, a
                  | potion of curing, a ration
     0 | D:1      | Reached XP level 1. HP: 23/23 MP: 1/1
    82 | D:1      | Reached XP level 2. HP: 17/29 MP: 2/2
   331 | D:1      | You fall through a shaft!
   348 | D:2      | Reached XP level 3. HP: 21/35 MP: 3/3
   375 | D:2      | Reached skill level 1 in Invocations
   750 | D:2      | Reached skill level 1 in Short Blades
   750 | D:2      | Reached skill level 1 in Long Blades
   750 | D:2      | Reached skill level 1 in Maces & Flails
   750 | D:2      | Reached skill level 1 in Polearms
   750 | D:2      | Reached skill level 1 in Staves
   750 | D:2      | Reached skill level 1 in Slings
   750 | D:2      | Reached skill level 1 in Bows
   750 | D:2      | Reached skill level 1 in Crossbows
   750 | D:2      | Reached skill level 1 in Armour
   750 | D:2      | Reached skill level 1 in Dodging
   750 | D:2      | Reached skill level 1 in Stealth
   750 | D:2      | Reached skill level 1 in Unarmed Combat
   750 | D:2      | Reached skill level 1 in Spellcasting
   750 | D:2      | Reached skill level 1 in Evocations
   750 | D:2      | Reached XP level 4. HP: 29/41 MP: 5/5
   772 | D:2      | Slain by a gnoll

Skill      XL: |  1  2  3 |
---------------+----------+-----
Invocations    | 1 |  1.1
Short Blades   | 1 |  1.0
Long Blades    | 1 |  1.0
Maces & Flails | 1 |  1.0
Polearms       | 1 |  1.0
Staves         | 1 |  1.0
Slings         | 1 |  1.0
Bows           | 1 |  1.0
Crossbows      | 1 |  1.0
Armour         | 1 |  1.0
Dodging        | 1 |  1.0
Stealth        | 1 |  1.0
Unarmed Combat | 1 |  1.0
Spellcasting   | 1 |  1.0
Evocations     | 1 |  1.0
Fighting       | |  6.6
Axes           | |  4.6
Throwing       | |  2.7
Shields        | |  2.7
Conjurations   | |  0.8
Hexes          | |  0.8
Charms         | |  5.4
Summonings     | |  0.8
Necromancy     | |  0.8
Translocations | |  0.8
Transmutations | |  0.8
Fire Magic     | |  0.8
Ice Magic      | |  0.8
Air Magic      | |  0.8
Earth Magic    | |  0.8
Poison Magic   | |  0.8

Action                   |  1- 3 |  4- 6 || total
-------------------------+-------+-------++-------
Melee: Hand axe          |   102 |     6 ||   108
       Bite              |     9 |       ||     9
Armor: Ring mail         |    74 |     4 ||    78
Dodge: Dodged            |    85 |    13 ||    98
